 Dungeon Crawl Stone Soup version 0.29-a0-648-g6b26cc9f40 (webtiles) character file.

Game seed: 9442160630245169129

14 zeratav the Shooter (level 2, 14/14 HPs)
             Began as a Spriggan Hunter on June 20, 2022.
             Quit the game on level 1 of the Dungeon.
             The game lasted 00:00:39 (606 turns).

zeratav the Shooter (Spriggan Hunter)                Turns: 606, Time: 00:00:39

Health: 14/14      AC:  2    Str:  7    XL:     2   Next: 31%
Magic:  3/3        EV: 17    Int: 10    God:
Gold:   21         SH:  0    Dex: 18    Spells: 1/1 levels left

rFire   . . .      SeeInvis +   a - +1 shortbow {bow}
rCold   . . .      Faith    .   (shield currently unavailable)
rNeg    . . .      Spirit   .   b - +0 robe
rPois   .          Reflect  .   (helmet restricted)
rElec   .          Harm     .   (no cloak)
rCorr   .          Rampage  .   (gloves unavailable)
Will    .....                   (boots unavailable)
Stlth   +++.......              (no amulet)
HPRegen 0.04/turn               (no ring)
MPRegen 0.08/turn               (no ring)

@: very quick
A: very small, no large weapons, unfitting armour, see invisible, speed 3
a: no special abilities


You were on level 1 of the Dungeon.
You visited 1 branch of the dungeon, and saw 1 of its levels.

You collected 21 gold pieces.


Innate Abilities, Weirdness & Mutations

You are very small and have problems with some larger weapons.
You are too small for most types of armour.
You have supernaturally acute eyesight. (SInv)
You cover ground extremely quickly. (Speed+++)


   Skills:
 - Level 1.5 Fighting
 - Level 4.8 Bows
 - Level 2.6 Dodging
 + Level 3.9 Stealth


You had one spell level left.
You didn't know any spells.
Your spell library was empty.

Inventory:

Hand Weapons
 a - a +1 shortbow (weapon) {bow}
Armour
 b - a +0 robe (worn)
Scrolls
 c - a scroll of immolation {!r!r}
Potions
 d - a potion of heal wounds {@q2}
 g - a potion of curing {@q1}

Dungeon Overview and Level Annotations

Branches:
Dungeon (1/15) Zot: 5500

Altars:

#######################
#.....@...............#
#.............#....#..#
#...###....⌠...#...#.(.
#..## ##.......#.......
#..## ##........##..#..
#...###...####...#...##
###........##†.##....#...
#......⌠...#.##>#.....##.
#.#........##.###........


There were no monsters in sight!


Message History

That would be overly suicidal.
Okay, then.
Shoot: a) +1 shortbow {bow}
Press: ? - help, Q - select action Shift-Dir - straight line, f - you That would be overly suicidal.
Okay, then.
Shoot: a) +1 shortbow {bow}
Press: ? - help, Q - select action Shift-Dir - straight line, f - you That would be overly suicidal.
Okay, then.
Shoot: a) +1 shortbow {bow}
Press: ? - help, Q - select action Shift-Dir - straight line, f - you That would be overly suicidal.
Okay, then.
Unknown command.
f - a scroll labelled DOEXIP OCWEPUU HP[+4]
Your hp is fully restored (10).
There is an open door here.
A hobgoblin comes into view.
A hobgoblin is nearby!
You shoot an arrow. The arrow hits the hobgoblin.
You kill the hobgoblin!
No target in view!
No target in view!
No target in view!
f - 2 scrolls labelled DOEXIP OCWEPUU (gained 1)
A hobgoblin comes into view.
You shoot an arrow. The arrow hits the hobgoblin.
You shoot an arrow. The arrow hits the hobgoblin!
You kill the hobgoblin!
Your Stealth skill increases to level 3!
No target in view!
No target in view!
A giant cockroach comes into view.
Found a stone staircase leading down.
You shoot an arrow. The arrow hits the giant cockroach.
You kill the giant cockroach!
You have reached level 2!
HP[+4] MP[+1]
You now have 14 max hp (+4).
Your hp is fully restored (14).
Your mp is fully restored (3).
A ball python comes into view.
A ball python is nearby!
A ball python is nearby!
You shoot an arrow. The arrow hits the ball python!
You kill the ball python!
No target in view!
No target in view!
A jackal comes into view.
You see here a +0 hunting sling {sling}.
You shoot an arrow. The arrow hits the jackal!
You kill the jackal!
No target in view!
No target in view!
No target in view! 2 jackals come into view.
You shoot an arrow. The arrow hits the jackal!
You kill the jackal!
The jackal barks!
You shoot an arrow. The arrow barely misses the jackal.
You shoot an arrow. The arrow barely misses the jackal.
You shoot an arrow. The arrow hits the jackal.
The jackal closely misses you.
You shoot an arrow. The arrow hits the jackal.
You kill the jackal!
No target in view!
No target in view!
You aren't carrying any pieces of jewellery.
A goblin comes into view. It is wielding a +0 club.
The goblin shouts!
A goblin is nearby!
You shoot an arrow. The arrow barely misses the goblin.
You shoot an arrow. The arrow completely misses the goblin.
The goblin completely misses you. The goblin hits you with a +0 club.
HP[-2]
You take 2 damage, and now have 12/14 hp.
You shoot an arrow. The arrow hits the goblin.
You kill the goblin!
No target in view!
No target in view!
You see here a +0 dagger {short}.
You see here a +0 kite shield.
g - a golden potion HP[+2]
Your hp is fully restored (14).
You see here a +0 dagger {short}.
Found a stone staircase leading down.
Are you sure you want to abandon this character and quit the game? (Confirm with "yes".)
Okay, then.
Unknown command.
As you read the scroll labelled ECSEIBBEMATH, it crumbles to dust.
You feel strangely unstable.
It was a scroll of teleportation.
As you read the scroll labelled DOEXIP OCWEPUU, it crumbles to dust.
It is a scroll of identify.
d - a potion of heal wounds
As you read the scroll of identify {@r1}, it crumbles to dust.
g - a potion of curing Your surroundings suddenly seem different.
Are you sure you want to abandon this character and quit the game? (Confirm with "yes".)

Skill      XL: |  1 |
---------------+----+-----
Stealth        | 3 |  3.9
Fighting       | |  1.5
Bows           | |  4.8
Dodging        | |  2.6

Action                   || total
-------------------------++-------
 Fire: Shortbow          ||    26
  Use: Scroll            ||     3
Armor: Robe              ||     1
Dodge: Dodged            ||     6

Levels and vault maps discovered:
D:1:      erik_arrival_cave_to_civilisation [erik_arrival_cave_to_hall],
          layout_basic, hellmonk_ecumenical_altar_leap_of_faith,
          minmay_tree_intersection, minmay_tromino_v4_a

Notes
Turn   | Place    | Note
-------+----------+-------------------------------------------
     0 | D:1      | zeratav the Spriggan Hunter began the quest for the Orb.
     0 | D:1      | Reached XP level 1. HP: 10/10 MP: 2/2
     0 | D:1      | magus.rc [v1.9.6]
    55 | D:1      | Reached skill level 2 in Stealth
   419 | D:1      | Reached skill level 3 in Stealth
   430 | D:1      | Reached XP level 2. HP: 14/14 MP: 3/3
   606 | D:1      | Quit the game

Vanquished Creatures
  An endoplasm (D:1)
  A giant cockroach (D:1)
  A goblin (D:1)
  4 hobgoblins (D:1)
  3 jackals (D:1)
  A ball python (D:1)
11 creatures vanquished.

Table legend:
 A = Non-vault XP
 B = Vault XP
 C = Vault XP percentage of total XP
 D = Non-vault monster count
 E = Vault monster count
 F = Vault count percentage of total count
                 A         B        C        D         E       F
            +---------+---------+-------+---------+---------+-------
      Total |      17 |       4 |  19.0 |       9 |       2 |  18.2
            +---------+---------+-------+---------+---------+-------
        D:1 |      17 |       4 |  19.0 |       9 |       2 |  18.2
            +---------+---------+-------+---------+---------+-------

Illustrated notes

Table legend:
 A = Kills in this place as a percentage of kills in entire the game.
 B = Kills by you in this place as a percentage of kills by you in the entire game.
 C = Kills by friends in this place as a percentage of kills by friends in the entire game.
 D = Other kills in this place as a percentage of other kills in the entire game.
 E = Experience gained in this place as a percentage of experience gained in the entire game.
 F = Experience gained in this place divided by the number of levels of this place that you have seen.
                   A       B       C       D       E      F
               +-------+-------+-------+-------+-------+----------------------
         Total | 100.0 | 100.0 |   N/A |   N/A | 100.0 |  21.0
       Dungeon | 100.0 | 100.0 |   N/A |   N/A | 100.0 |  21.0
               +-------+-------+-------+-------+-------+----------------------

Table legend: (Time is in decaauts)
 A = Elapsed time spent in this place.
 B = Non-inter-level travel time spent in this place.
 C = Inter-level travel time spent in this place.
 D = Time resting spent in this place.
 E = Time spent auto-exploring this place.
 F = Levels seen in this place.
 G = Mean time per level.
                   A        B        C        D        E       F      G
               +--------+--------+--------+--------+--------+-----+--------+
         Total |    499 |    499 |      0 |      0 |    453 |   1 |  499.0 |
       Dungeon |    499 |    499 |      0 |      0 |    453 |   1 |  499.0 |
               +--------+--------+--------+--------+--------+-----+--------+

Top non-repeatable levels by time:
     D:1: 499 daAuts
